 Dungeon Crawl Stone Soup version 0.27-a0-1137-g3ef0f4ec91 (webtiles) character file.

Game seed: 15750314686320410542

13 kae the Skirmisher (level 2, 0/24 HPs)
             Began as a Demonspawn Abyssal Knight on May 6, 2021.
             Was a Follower of Lugonu.
             Succumbed to a kobold's poison
             ... on level 1 of the Dungeon.
             The game lasted 00:00:20 (735 turns).

kae the Skirmisher (Demonspawn Abyssal Knight)       Turns: 735, Time: 00:00:21

Health: 0/24       AC:  9    Str: 12    XL:     2   Next: 24%
Magic:  3/3        EV: 11    Int: 13    God:    Lugonu [*.....]
Gold:   65         SH:  0    Dex: 12    Spells: 1/1 levels left

rFire    . . .     SeeInvis .   a - +1 falchion
rCold    . . .     Faith    .   (no shield)
rNeg     . . .     Spirit   .   b - +0 leather armour
rPois    .         Reflect  .   (no helmet)
rElec    .         Harm     .   (no cloak)
rCorr    .         Rampage  .   (no gloves)
Will     .....                  (no boots)
Stlth    +.........             (no amulet)
HPRegen  0.08/turn              (no ring)
MPRegen  0.08/turn              (no ring)

@: lethally poisoned (0 -> -30), sanguine armoured, flying, hasted, very quick
A: sanguine armour 1
a: Renounce Religion, Depart the Abyss


You were on level 1 of the Dungeon.
You worshipped Lugonu.
Lugonu was aware of your devotion.
You visited 1 branch of the dungeon, and saw 1 of its levels.
You visited the Abyss 1 time.

You collected 65 gold pieces.

Inventory:

Hand Weapons
 a - a +1 falchion (weapon)
Missiles
 e - 2 atropa-tipped darts
Armour
 b - a +0 leather armour (worn)
Jewellery
 g - a +4 ring of protection
Scrolls
 d - a scroll of identify {unknown}
 f - a scroll of noise {unknown}
 h - 3 scrolls of fear {unknown}


   Skills:
 - Level 3.0 Fighting
 + Level 2.7 Long Blades
 - Level 1.7 Armour
 - Level 0.8 Dodging
 - Level 2.4 Invocations


You had one spell level left.
You didn't know any spells.
Your spell library was empty.

Dungeon Overview and Level Annotations

Branches:
Dungeon (1/15)

Altars:


Innate Abilities, Weirdness & Mutations

When seriously injured, your bleeding wounds create armour. (AC +6)


Message History

You open the door.
There is an open door here.
Found 8 silver boomerangs.
No target in view!
No target in view!
A kobold comes into view. It is wielding a +0 whip of venom.
Found a stone staircase leading down.
The kobold hits you with a +0 whip of venom.
You are poisoned.
A kobold is nearby!
A kobold is nearby!
You hit the kobold.
The kobold is moderately wounded.
Your blood congeals into armour.
You feel very sick. The kobold hits you but does no damage.
You are lethally poisoned!
The kobold misses you.
You hit the kobold but do no damage.
The kobold is moderately wounded.
You feel very sick. The kobold hits you but does no damage.
You are more poisoned.
There is a lethal amount of poison in your body!
You are too injured to fight recklessly!
You are too injured to fight recklessly!
There is a lethal amount of poison in your body!
You are too injured to fight recklessly!
You are too injured to fight recklessly!
You are too injured to fight recklessly!
You are too injured to fight recklessly!
It was a potion of flight.
You feel very buoyant.
You fly up into the air.
* * * LOW HITPOINT WARNING * * *
You feel very sick. The kobold hits you but does no damage.
You are more poisoned.
It was a potion of haste.
You feel yourself speed up.
You die...

## ########. .#
#........
.###############........
..........(....(........
.......................>
.##..########.##........
###..# #.##@....... #..#
#.##K....... #..#
#.#########+ ##.# #.#
#.########'##
#..##.......#
####..##.......#
.......#.......#####
.....#.######......#


You could see a kobold.

Vanquished Creatures
  2 hobgoblins (D:1)
  4 jackals (D:1)
  A bat (D:1)
  2 goblins (D:1)
  3 rats (D:1)
12 creatures vanquished.

Notes
Turn   | Place    | Note
-------+----------+-------------------------------------------
     0 | Abyss:1  | kae the Demonspawn Abyssal Knight began the quest for the
                  | Orb.
     0 | Abyss:1  | Reached XP level 1. HP: 18/18 MP: 2/2
    39 | Abyss:1  | Noticed a small abomination
    45 | D:1      | Escaped the Abyss
   368 | D:1      | Gained mutation: When seriously injured, your bleeding
                  | wounds create armour. (AC +6) [demonic ancestry]
   368 | D:1      | Reached XP level 2. HP: 24/24 MP: 3/3
   712 | D:1      | Reached * piety under Lugonu
   735 | D:1      | Succumbed to a kobold's poison

Illustrated notes

Levels and vault maps discovered:
D:1:      grunt_arrival_crossed_arrows, layout_basic,
          ebering_ecumenical_altar_rust, minmay_misc_feat_cross,
          minmay_tiny_reverse_x

Skill      XL: |  1 |
---------------+----+-----
Long Blades    | 2 |  2.7
Fighting       | |  3.0
Armour         | |  1.7
Dodging        | |  0.8
Invocations    | |  2.4

Action                   || total
-------------------------++-------
Melee: Falchion          ||    32
Invok: Depart the Abyss  ||     1
  Use: Potion            ||     2
 Stab: Sleeping          ||     1
Armor: Leather armour    ||    12
Dodge: Dodged            ||    16
       Rpst.: Falchion   ||     2

Table legend: (Time is in decaauts)
 A = Elapsed time spent in this place.
 B = Non-inter-level travel time spent in this place.
 C = Inter-level travel time spent in this place.
 D = Time resting spent in this place.
 E = Time spent auto-exploring this place.
 F = Levels seen in this place.
 G = Mean time per level.
                   A        B        C        D        E       F      G
               +--------+--------+--------+--------+--------+-----+--------+
         Total |    740 |    740 |      0 |      0 |    661 |   2 |  370.0 |
       Dungeon |    695 |    695 |      0 |      0 |    623 |   1 |  695.0 |
         Abyss |     45 |     45 |      0 |      0 |     38 |   1 |   45.0 |
               +--------+--------+--------+--------+--------+-----+--------+

Top non-repeatable levels by time:
     D:1: 695 daAuts
 Abyss:1: 45 daAuts
